 Dungeon Crawl Stone Soup version 0.13.0-13-g27bfa31 (webtiles) character file.

263 CrazyArbalest the Bolt Thrower (level 5, 0/30 HPs)
             Began as a Kobold Hunter on Oct 19, 2013.
             Succumbed to an adder's poison
             ... on Level 3 of the Dungeon.
             The game lasted 00:12:46 (3063 turns).

CrazyArbalest the Bolt Thrower (Kobold Hunter)      Turns: 3063, Time: 00:12:47

HP   0/30        AC  4     Str 12      XL: 5   Next: 20%
MP   4/4         EV 16     Int 10      God:
Gold 147         SH  0     Dex 15      Spells:  0 memorised,  4 levels left

Res.Fire  : . . .   See Invis. : .   b - +1 crossbow
Res.Cold  : + . .   Warding    : .   s - +2 robe {rC+}
Life Prot.: . . .   Conserve   : .   (no shield)
Res.Poison: .       Res.Corr.  : .   (no helmet)
Res.Elec. : .       Clarity    : .   (no cloak)
Sust.Abil.: . .     Spirit.Shd : .   (no gloves)
Res.Mut.  : .       Stasis     : .   (no boots)
Res.Rott. : .       Flight     : .   (no amulet)
Saprovore : + + .                    (no ring)
                                     (no ring)

@: mildly poisoned, slightly resistant to hostile enchantments, fairly stealthy
A: disease resistance, carnivore 3, saprovore 2
a: no special abilities


You were on level 3 of the Dungeon.
You were completely stuffed.

You visited 1 branch of the dungeon, and saw 3 of its levels.

You collected 127 gold pieces.

Inventory:

Hand weapons
 a - a +0,+0 dwarven short sword
 b - a +1,+1 crossbow (weapon)
 j - a +0,+0 short sword
Missiles
 c - 17 bolts (quivered)
Armour
 d - a +0 leather armour
 s - a +2 robe of cold resistance (worn)
Comestibles
 f - a meat ration
 n - a rotting chunk of giant newt flesh
 o - 4 rotting chunks of goblin flesh
Scrolls
 e - a scroll of enchant weapon II {unknown}
 i - 3 scrolls of identify {unknown}
 k - 3 scrolls of remove curse {unknown}
 v - 2 scrolls of curse armour {unknown}
Potions
 g - 2 potions of slowing {unknown}
 h - a potion of curing {unknown}
 l - a potion of resistance {unknown}
Carrion
 m - an adder corpse


   Skills:
 + Level 1.1 Fighting
 + Level 1.3 Short Blades
 * Level 5.9 Crossbows
 + Level 1.2 Armour
 + Level 3.9 Dodging
 + Level 1.7 Stealth


You had 4 spell levels left.
You didn't know any spells.

Dungeon Overview and Level Annotations

Branches:
Dungeon (3/27)

Altars:
Yredelemnul

Annotations:
D:3 Ijyb, Sigmund


Innate Abilities, Weirdness & Mutations

You recuperate from illness quickly.
You are small and have problems with some larger weapons.
You are carnivorous and can eat meat at any time.
You can eat rotten meat.


Message History

You start resting.
* * * LOW HITPOINT WARNING * * *
You feel sick.
You start resting.
* * * LOW HITPOINT WARNING * * *
You feel sick.
You start resting.
* * * LOW HITPOINT WARNING * * *
You feel sick.
You start resting.
* * * LOW HITPOINT WARNING * * *
You feel sick.
You start resting.
* * * LOW HITPOINT WARNING * * *
You feel sick.
You start resting.
* * * LOW HITPOINT WARNING * * *
You feel sick.
You start resting.
You die...

... #.#
#.# #.#
#.# . #.#
# #[# #
#### #<#.#
#..%.
#@#.######
#....
#.........
.....
#.#.#.....
....@S
#.#.#.....
......
#.........
......
###.####.#
#.... ..#
#..g$ .#
#.... ..
####


There were no monsters in sight!

Vanquished Creatures
  4 adders
  A giant mite (D:3)
  2 worms (D:2)
  A giant gecko (D:1)
  A ball python (D:1)
  8 bats
  5 giant cockroaches
  7 goblins
  11 hobgoblins
  10 kobolds
  5 giant newts
  3 jackals (D:1)
  3 rats
61 creatures vanquished.

Notes
Turn   | Place    | Note
--------------------------------------------------------------
     0 | D:1      | CrazyArbalest, the Kobold Hunter, began the quest for the Orb.
     0 | D:1      | Reached XP level 1. HP: 12/12 MP: 0/0
   125 | D:1      | Reached skill level 5 in Crossbows
   289 | D:1      | Reached XP level 2. HP: 8/17 MP: 1/1
  1047 | D:1      | Reached XP level 3. HP: 14/21 MP: 2/2
  2204 | D:2      | Reached XP level 4. HP: 26/26 MP: 3/3
  2381 | D:2      | Reached skill level 1 in Armour
  2386 | D:2      | Reached skill level 1 in Short Blades
  2690 | D:2      | Found a basalt altar of Yredelemnul.
  2849 | D:3      | Noticed Sigmund
  2849 | D:3      | Noticed Ijyb
  2904 | D:2      | Reached XP level 5. HP: 17/30 MP: 4/4
  3062 | D:3      | HP: 1/30 [poisoned by an adder]
  3063 | D:3      | Succumbed to an adder's poison

Action                   |  1- 3 |  4- 6 || total
-------------------------+-------+-------++-------
Melee: Short sword       |   228 |    61 ||   289
 Fire: Crossbow          |     4 |    17 ||    21
 Stab: Distracted        |     1 |       ||     1
       Sleeping          |       |     1 ||     1
